 BcadrenCrawl: Boulder Brew version 0.05.4-52-gbd2e00ed8b (webtiles) character file.

Game seed: 18131167952551040854, levelgen mode: deterministic

7751 namelastname112 the Martial Artist (level 11, -2/97 HPs) Pink Draconian Priest. Began on May 7, 2022. Was a High Priest of Bahamut & Tiamat. Slain by a fire elemental (10 damage) ... summoned by a deep elf mage ... on level 6 of the Dungeon. The game lasted 00:21:20 (7069 turns).

namelastname112 the Martial Artist (DrPr)           Turns: 7069, Time: 00:21:20

Health: -2/97      AC:  9    Str: 12    XL:     11 ^: 10774
Magic:  17/17      EV: 17    Int: 15    God:    Bahamut & Tiamat [5* [150]]
Gold:   397        SH:  0    Dex: 19    Spells: 14/14 levels left

rFire    . . .     Vision   .     - Unarmed
rCold    . . .     Gourm    .     - Unarmed
rNeg     . . .     Faith    .   (armour unavailable)
rCorr    . . .     Spirit   .   (helmet restricted)
rPois    .         Reflect  .   h - +0 cloak
rElec    .         Harm     .   (no gloves)
MR       .....     Clarity  +   (no boots)
Stlth    +++.......             g - amulet of regeneration
HPRegen  0.82/turn              d - ring of intelligence
MPRegen  0.27/turn              w - ring of stealth

@: no status effects
A: deformed body 2, cold-blooded, boosted slings aptitude, summoning enhancer 1,
clarity, AC +8
a: Breathe Butterflies, Adaptive Breath, Summon Drakes, Renounce Religion


You were on level 6 of the Dungeon.
You worshipped Bahamut & Tiamat.
Bahamut & Tiamat was extremely pleased with you.
You were not hungry.

You visited 1 branch of the dungeon, and saw 6 of its levels.
You also visited: Temple.

You collected 397 gold pieces.

Inventory:

Shields
 l - a +0 buckler of protection
Armour
 h - a +0 cloak (worn)
Jewellery
 b - an uncursed amulet of magic regeneration
 d - a ring of intelligence (left hand)
 g - an amulet of regeneration (around neck)
 m - an uncursed amulet of the acrobat
 p - an uncursed ring of fire
 s - the cursed amulet "Vuhuam" {+Rage rPois, (Curse: *Tele)}
   (You found it on level 4 of the Dungeon)

   [amulet of rage]

   It protects you from poison.
   It lets you go berserk.
   It has a curse placed upon it.
   { (Curse: *Tele)}
 t - a cursed ring of intelligence {(Curse: -Vis)}
 w - a ring of stealth (right hand)
 x - an uncursed ring of resist corrosion
 y - an uncursed ring of ice
 z - an uncursed ring of intelligence
Wands
 q - a wand of flame
Scrolls
 e - a scroll of enchantment
 i - a scroll of magic mapping
 k - 3 scrolls of teleportation
Potions
 c - a potion of resistance
 f - 2 potions of cancellation
 j - 3 potions of brilliance
 n - a potion of magic
 o - 3 potions of curing
 r - a potion of haste
 u - a potion of might
Comestibles
 a - 16 rations


   Skills:
 + Level 9.0 Fighting
 + Level 6.5 Dodging
 - Level 1.4 Stealth
 + Level 10.1 Unarmed Combat
 * Level 2.3 Spellcasting
 + Level 9.2 Invocations


You had 14 spell levels left.
You didn't know any spells.
Your spell library was empty.

Dungeon Overview and Level Annotations

Branches:
Dungeon (6/8)              Temple (0/1) D:4            Lair (0/6) D:5
    Orc (0/2) D:6

Altars:
Dithmenos
Elyvilon
Uskayaw

Shops:
D:3 %   D:6 ([


Innate Abilities, Weirdness & Mutations

Your fierce pink scales are resilient. (AC +8)
You can breathe friendly butterflies.
You cannot wear any armour on your peculiar form.
You are cold-blooded and are slowed more easily by cold attacks.
You are naturally skilled at Slings (Aptitude +3).
You are in touch with the powers of summonings.
Your fierce pink scales grant you exceptional clarity of mind. (clarity)


Message History

The deep elf mage is lightly wounded! (39/43) HP The fire elemental barely misses you (0)!
The fire elemental hits you (1)! The fire elemental burns you (9)!!!
You squash the deep elf mage like an ant (1)!
You beat the deep elf mage into a bloody pulp (3)!
The deep elf mage is lightly wounded! (35/43) HP The yak gores you (9)!!!
The deep elf mage hits you with a +0 dagger (3)!
The fire elemental hits you (0)! The fire elemental burns you (10)!!!
The fire elemental closely misses you (0)!
The deep elf mage hits you but does no damage!
The fire elemental hits you (0)!
The fire elemental burns you (14)!!! * * * don't die
* * * The fire elemental barely misses you (0)!
The deep elf mage hits you with a +0 dagger (3)! * * * don't die
* * * The fire elemental hits you (0)!
The fire elemental burns you (12)!!! * * * don't die
* * * The fire elemental hits you (0)!
The fire elemental burns you (10)!!! rip

.#.......######....>...##
#.........#.##........#
#............##...∩...#
....#.........##.......#
#.###..................#
.. ##.................# .
##........#...##..#
..###..Y......#......##
#.....#.E@...).....####
#..##.#☼eE..#<[....# #
#.○○°...##.##### #.
#.....####.#
##.###.#..###.###
#......#...#....#
...............###
..........)......#
....?..÷..<.......##


You could see a deep elf mage, a yak and 2 fire elementals.

Vanquished Creatures
  Pikel (D:2)
  A deep elf mage (D:5)
  A hippogriff (D:5)
  Menkaure (D:2)
  5 yaks (D:5)
  2 slime creatures (D:5)
  Purgy (D:2)
  A bone scorpion (D:5)
  7 orc warriors
  A water moccasin (D:2)
  An eye of draining (D:5)
  4 porcupines
  A black bear (D:6)
  An ice beast (D:5)
  2 scorpions
  7 ogres
  3 crocodiles (D:2)
  3 big kobolds
  8 bullfrogs
  A meliai zombie (D:4)
  A centaur (D:5)
  3 howler monkeys
  4 wights (D:5)
  2 llaibwcod (D:3)
  4 hounds
  9 jellies (D:2)
  9 orc wizards
  3 orc priests (D:5)
  3 iguanas
  A water moccasin zombie (D:5)
  3 worker ants
  2 wyvern skeletons (D:6)
  5 giant cockroaches
  4 bullfrog zombies (D:4)
  2 bullfrog skeletons (D:4)
  6 adders
  34 sewer rats
  12 cinder newts
  4 worms
  6 oozes
  A dart slug (D:1)
  5 leopard geckos
  35 orcs
  2 adder skeletons (D:2)
  3 ball pythons
  7 bats
  A cinder newt skeleton (D:2)
  7 goblins (D:1)
  10 hobgoblins (D:1)
  6 jackals
  4 quokkas
  2 bat skeletons (D:2)
  2 hobgoblin skeletons (D:2)
  2 jackal skeletons
  12 kobolds
  A leopard gecko skeleton (D:5)
  2 quokka zombies (D:5)
  5 rats
  2 giant blowflies (D:2)
  A withered plant (D:2)
279 creatures vanquished.

Vanquished Creatures (collateral kills)
  Duvessa (D:3)
  Dowan (D:3)
2 creatures vanquished.

Vanquished Creatures (others)
  A crocodile (D:2)
  A jelly (D:2)
  A giant cockroach (D:2)
  An adder (D:2)
  2 oozes (D:2)
  A ball python (D:2)
  A bat skeleton (D:2)
  A hobgoblin skeleton (D:2)
  2 kobolds (D:2)
  A kobold skeleton (D:2)
  A rat skeleton (D:2)
  2 giant blowflies (D:2)
  3 slaves (D:2)
  4 slimeheads (D:2)
  79 withered plants (D:2)
101 creatures vanquished.

Grand Total: 382 creatures vanquished

Notes
Turn   | Place    | Note
-------+----------+-------------------------------------------
     0 | Start Te | namelastname112 the Immature Draconian Priest began the
                  | quest for the Orb.
     0 | Start Te | Reached XP level 1. HP: 14/14 MP: 3/3
     0 | Start Te | Found a sparkling altar of Nemelex Xobeh.
     1 | Start Te | Found a basalt altar of Yredelemnul.
     1 | Start Te | Found a white marble altar of Elyvilon.
     2 | Start Te | Found an iron altar of Okawaru.
     3 | Start Te | Found a glowing silver altar of Zin.
     3 | Start Te | Found a blossoming altar of Fedhas.
     4 | Start Te | Found a stormy altar of Qazlal.
     5 | Start Te | Found a glowing golden altar of the Shining One.
     5 | Start Te | Found an opulent altar of Gozag.
     6 | Start Te | Found a sacrificial altar of Ru.
     7 | Start Te | Found an ornate altar of Bahamut and Tiamat.
     7 | Start Te | Found a hazy altar of Hepliaklqana.
    15 | Start Te | Became a worshipper of Bahamut & Tiamat
    15 | Start Te | Reached * piety under Bahamut & Tiamat
    15 | Start Te | Reached ** piety under Bahamut & Tiamat
    28 | D:1      | Reached XP level 2. HP: 22/22 MP: 5/5
    52 | D:1      | Reached skill level 3 in Unarmed Combat
    70 | D:1      | Reached skill level 1 in Fighting
   145 | D:1      | Reached XP level 3. HP: 13/28 MP: 6/6
   583 | D:1      | Reached *** piety under Bahamut & Tiamat
   739 | D:1      | Reached XP level 4. HP: 36/36 MP: 7/7
  1079 | D:2      | Reached skill level 4 in Unarmed Combat
  1079 | D:2      | Reached XP level 5. HP: 33/42 MP: 8/8
  1121 | D:2      | Noticed Pikel
  1134 | D:2      | Killed Pikel
  1134 | D:2      | Reached skill level 5 in Unarmed Combat
  1134 | D:2      | Reached skill level 5 in Invocations
  1134 | D:2      | Reached XP level 6. HP: 31/52 MP: 5/10
  1134 | D:2      | Your scales start taking on a fierce pink colour.
  1134 | D:2      | Reached XP level 7. HP: 35/58 MP: 5/11
  1134 | D:2      | Gained mutation: Your fierce pink scales grant you
                  | exceptional clarity of mind. (clarity) [Pink Draconian
                  | growth]
  1134 | D:2      | Gained mutation: You are in touch with the powers of
                  | summonings. [Pink Draconian growth]
  1144 | D:2      | Noticed Menkaure
  1160 | D:2      | HP: 1/58 [Menkaure (10)]
  1161 | D:2      | Killed Menkaure
  1294 | D:2      | Noticed Purgy
  1324 | D:2      | Killed Purgy
  1497 | D:2      | Reached XP level 8. HP: 31/67 MP: 12/12
  1499 | D:2      | Reached skill level 6 in Unarmed Combat
  1677 | D:2      | Reached skill level 5 in Fighting
  1809 | D:2      | Reached **** piety under Bahamut & Tiamat
  2212 | D:2      | Reached skill level 7 in Unarmed Combat
  2660 | D:2      | HP: 3/70 [kobold/+0 short sword[a big kobold] (7)]
  2974 | D:2      | Reached XP level 9. HP: 71/75 MP: 14/14
  3170 | D:3      | Found Laigexku's Food Emporium.
  3227 | D:3      | Found a white marble altar of Elyvilon.
  3935 | D:3      | Noticed Duvessa
  3937 | D:3      | Noticed Dowan
  3949 | D:3      | Killed Duvessa
  3949 | D:3      | Reached skill level 5 in Dodging
  3959 | D:3      | Killed Dowan
  4189 | D:4      | Reached skill level 8 in Unarmed Combat
  4220 | D:4      | Found a staircase to the Ecumenical Temple.
  4331 | D:4      | Identified the cursed +6 hunting sling of Chagrin {venom,
                  | rElec rC- Dex-5 +Vis, (Curse: *Contam)}
  4373 | D:4      | Identified the cursed amulet "Vuhuam" {+Rage rPois, (Curse:
                  | *Tele)}
  4462 | D:4      | Reached ***** piety under Bahamut & Tiamat
  4859 | D:5      | Entered Level 5 of the Dungeon
  4931 | D:5      | Gained mutation: You are naturally skilled at Slings
                  | (Aptitude +3). [draconic bloodline]
  4931 | D:5      | Reached XP level 10. HP: 59/86 MP: 16/16
  5042 | D:5      | Reached skill level 9 in Unarmed Combat
  5092 | D:5      | Found a shadowy altar of Dithmenos.
  5419 | D:5      | Found a staircase to the Lair.
  5900 | D:5      | Found a hide-covered altar of Uskayaw.
  6349 | D:5      | Reached skill level 10 in Unarmed Combat
  6421 | D:6      | Noticed a deep elf mage
  6569 | D:5      | Killed a deep elf mage
  6569 | D:5      | Reached skill level 1 in Spellcasting
  6723 | D:6      | Found Naagem's Armour Boutique.
  6947 | D:6      | Found a staircase to the Orcish Mines.
  6949 | D:6      | Found Asutaov's Weapon Boutique.
  7001 | D:6      | Reached XP level 11. HP: 30/97 MP: 17/17
  7069 | D:6      | Slain by a fire elemental

Levels and vault maps discovered:
D:1:      dpeg_arrival_tiny_f, layout_loops_cross, kennysheep_another_room,
          minmay_liquid_box, minivault_11, serial_bayou_pond_e,
          minmay_door_square
D:2:      layout_sewer, hex_tiny, uniq_purgy, uniq_pikel, uniq_menkaure
D:3:      layout_layer_cave, first_ration, serial_shops,
          nicolae_shop_statue_plus, elyvilon_altar_5, uniq_duvessa
D:4:      layout_roguey, minmay_temple_entry_glass, grunt_ogre_cave
D:5:      layout_small_grid, kennysheep_mini, lair_entry_dummy,
          nicolae_dithmenos_shadow_blocks
D:6:      layout_cave_pools, grunt_gozag_statues,
          gammafunk_temple_overflow_forgotten, orc_david_3, serial_shops,
          nicolae_shop_behind_doors, gauntlet_entry_generic

Skill      XL: |  1  2  3  4  5  6  7  8  9 10 |
---------------+-------------------------------+-----
Unarmed Combat | 3 4 5 7 8 10 | 10.1
Fighting       | 1 2 3 4 6 7 9 |  9.0
Dodging        | 2 3 4 5 6 |  6.5
Invocations    | 5 6 7 8 9 |  9.2
Spellcasting   | 2 |  2.3
Stealth        | |  1.4

Action                   |  1- 3 |  4- 6 |  7- 9 | 10-12 || total
-------------------------+-------+-------+-------+-------++-------
Melee: Unarmed           |   134 |   152 |   959 |   647 ||  1892
       Peck              |     5 |     8 |    86 |    71 ||   170
Invok: Choose Bahamut's  |     1 |       |       |       ||     1
       Choose Tiamat's A |     1 |       |       |       ||     1
       Adaptive Breath   |       |     1 |     7 |     5 ||    13
       Choose Tiamat's S |       |       |     1 |       ||     1
 Abil: Breathe Butterfli |       |       |       |     2 ||     2
Evoke: Phantom mirror    |       |       |     1 |       ||     1
       Wand              |       |       |       |     1 ||     1
  Use: Potion            |       |       |     3 |     1 ||     4
 Stab: Sleeping          |     6 |       |    12 |     3 ||    21
       Distracted        |       |       |     1 |       ||     1
  Eat: Chunk             |       |     1 |    12 |     6 ||    19
       Ration            |       |       |     1 |     1 ||     2
Armor: Skin              |    14 |    17 |   145 |    59 ||   235
Dodge: Dodged            |    18 |    20 |   129 |    58 ||   225
